 Dungeon Crawl Stone Soup version 0.17.0-28-g6e173f8 (webtiles) character file.

2268 PossumBlood the Covert (level 9, -3/61 HPs)
             Began as an Octopode Monk on Dec 3, 2015.
             Was a Priest of Cheibriados.
             Slain by an ice beast (12 damage)
             ... summoned by Kloppie's ghost
             ... on level 7 of the Dungeon.
             The game lasted 00:23:26 (5884 turns).

PossumBlood the Covert (Octopode Monk)              Turns: 5884, Time: 00:23:26

Health: -3/61      AC:  3    Str: 23    XL:     9   Next: 38%
Magic:  9/9        EV: 22    Int: 18    God:    Cheibriados [***...]
Gold:   23         SH:  0    Dex: 25    Spells: 0 memorised, 8 levels left

rFire  . . .     SeeInvis .       - Unarmed
rCold  . . .     Clarity  .     (no shield)
rNeg   . . .     SustAt   .     n - +2 hat
rPois  .         Gourm    .     (no amulet)
rElec  .         Spirit   .     b - +4 ring of evasion
rCorr  .         Warding  .     o - +6 ring of strength
rMut   .         Stasis   .     (no ring)
MR     .....                    (no ring)
Stlth  +++++++...               (no ring)
                                (no ring)
                                (no ring)
                                (no ring)

@: lethally poisoned (-3 -> -3), about to teleport, very slow, not resistant to
hostile enchantments, extremely stealthy
A: almost no armour, amphibious, 8 rings, constrict 8, tentacle spike 1,
camouflage 1, agile 1, regeneration 1, gelatinous body 1
a: Bend Time, Temporal Distortion, Renounce Religion


You were on level 7 of the Dungeon.
You worshipped Cheibriados.
Cheibriados was most pleased with you.
You were not hungry.

You visited 2 branches of the dungeon, and saw 8 of its levels.
You also visited: Sewer.

You collected 203 gold pieces.
You spent 180 gold pieces at shops.

Inventory:

Armour
 n - a +2 hat (worn)
Jewellery
 b - a +4 ring of evasion (left tentacle)
 o - a +6 ring of strength (right tentacle)
 s - an uncursed ring of flight {unknown}
 u - an uncursed ring of sustain attributes {unknown}
Wands
 c - a wand of disintegration (7)
 r - a wand of polymorph (13)
Scrolls
 e - 5 scrolls of identify
 h - 2 scrolls of amnesia
 j - 2 scrolls of recharging
 l - 3 scrolls of teleportation
 q - a scroll of enchant weapon
 v - a scroll of enchant armour
Potions
 i - a potion of agility
 m - 4 potions of might
 t - 2 potions of lignification {unknown}
Comestibles
 a - 4 bread rations
 f - 4 meat rations
 g - a royal jelly
 p - 3 beef jerkies
 w - 10 slices of pizza


   Skills:
 + Level 5.3 Fighting
 + Level 6.3 Dodging
 + Level 11.0 Stealth
 + Level 7.5 Unarmed Combat


You had 8 spell levels left.
You didn't know any spells.

Dungeon Overview and Level Annotations

Branches:
Dungeon (7/15)             Temple (1/1) D:5

Altars:
Ashenzari
Cheibriados
Dithmenos
Elyvilon
Fedhas
Gozag
Kikubaaqudgha
Okawaru
Qazlal
Ru
Sif Muna
Trog
Vehumet
Xom
Yredelemnul
Zin
The Shining One

Shops:
D:6 [%!!(

Annotations:
D:7 Kloppie's ghost, novice DrIE


Innate Abilities, Weirdness & Mutations

You cannot wear most types of armour.
You are amphibious.
You can wear up to eight rings at the same time.
You can use your tentacles to constrict eight enemies at once.
Your skin changes colour to match your surroundings (Stealth).
Your rubbery body absorbs attacks (AC +1).
One of your tentacles bears a spike.
You are agile. (Dex +2)
Your natural rate of healing is unusually fast.


Message History

Drink which item? (? for menu, Esc to quit)
You feel much better.
You feel sick. The ice beast barely misses you.
The ice beast completely misses you. Kloppie's ghost completely misses you.
The ice beast hits you. The ice beast freezes you!
Drink which item? (? for menu, Esc to quit)
You feel much better. The ice beast completely misses you.
The ice beast hits you. The ice beast freezes you!
Kloppie's ghost gestures at you while chanting.
You are frozen.
The ice beast closely misses you.
Read which item? (? for menu, Esc to quit)
As you read the scroll of teleportation, it crumbles to dust.
You feel strangely unstable.
The ice beast hits you but does no damage.
The ice beast hits you. The ice beast freezes you!
* * * LOW HITPOINT WARNING * * *
Kloppie's ghost completely misses you. The ice beast closely misses you.
You feel sick. The ice beast closely misses you. The ice beast hits you.
* * * LOW HITPOINT WARNING * * *
The ice beast freezes you!
You die...

#................#
#####............#
#............#
#.###.......## #.
#.......## #+
#........#
#........#
#..#..Y..#
##.#.@..##
#...YYW#
##........
...........'
#$#.........#
#.#.........# #
#.)......)#
##........#


You could see 3 ice beasts and Kloppie's ghost.

Vanquished Creatures
  Eustachio (D:4)
  A human (D:7)
  Edmund (D:5)
  An ice beast (D:5)
  A phantom (D:4)
  4 ogres
  2 big kobolds
  2 centaurs
  Blork the orc (D:5)
  A scorpion (D:6)
  2 crimson imps (D:5)
  A giant frog zombie (D:7)
  3 hounds (D:6)
  A giant frog skeleton (D:6)
  2 orc priests
  5 orc wizards
  6 worker ants
  4 sheep (D:7)
  A hound skeleton (D:4)
  9 adders
  3 river rats
  2 adder skeletons (D:5)
  A worm (D:3)
  2 giant geckos (D:4)
  14 orcs
  5 bats
  5 giant cockroaches
  12 goblins
  5 hobgoblins
  3 jackals (D:6)
  37 kobolds
  2 quokkas
  6 ball pythons
  7 giant newts
  16 rats
169 creatures vanquished.

Vanquished Creatures (collateral kills)
  A phantom (D:6)
1 creature vanquished.

Grand Total: 170 creatures vanquished

Notes
Turn   | Place    | Note
--------------------------------------------------------------
     0 | D:1      | PossumBlood the Octopode Monk began the quest for the Orb.
     0 | D:1      | Reached XP level 1. HP: 16/16 MP: 1/1
   199 | D:1      | Reached XP level 2. HP: 21/21 MP: 2/2
   666 | D:2      | Reached XP level 3. HP: 17/26 MP: 3/3
   713 | D:2      | Found a glowing silver altar of Zin.
  1455 | D:2      | Reached XP level 4. HP: 31/31 MP: 4/4
  1767 | D:3      | Found an ancient bone altar of Kikubaaqudgha.
  2587 | D:4      | Noticed an ogre
  2595 | D:4      | Killed an ogre
  2595 | D:4      | Reached skill level 5 in Stealth
  2595 | D:4      | Reached skill level 5 in Unarmed Combat
  2595 | D:4      | Reached XP level 5. HP: 36/36 MP: 5/5
  2618 | D:4      | Noticed an ogre
  2623 | D:4      | Killed an ogre
  2623 | D:4      | Reached skill level 6 in Stealth
  2623 | D:4      | Reached XP level 6. HP: 42/42 MP: 6/6
  2737 | D:4      | Noticed an ogre
  2745 | D:4      | Killed an ogre
  2757 | D:4      | Reached skill level 7 in Stealth
  2791 | D:4      | Noticed a phantom
  2821 | D:4      | Killed a phantom
  2821 | D:4      | Reached XP level 7. HP: 37/47 MP: 7/7
  3249 | D:4      | Noticed Eustachio
  3269 | D:4      | Killed Eustachio
  3269 | D:4      | Reached skill level 8 in Stealth
  3346 | D:5      | Entered Level 5 of the Dungeon
  3487 | D:5      | Noticed Edmund
  3499 | D:5      | Killed Edmund
  3499 | D:5      | Reached skill level 5 in Dodging
  3499 | D:5      | Reached XP level 8. HP: 38/54 MP: 1/8
  3759 | D:5      | Found a glowing drain.
  3766 | Sewer    | Entered a sewer
  4433 | D:5      | Reached skill level 9 in Stealth
  4454 | D:5      | HP: 2/54 [orc priest/short sword (6)]
  4677 | D:5      | Found a staircase to the Ecumenical Temple.
  4679 | D:5      | Noticed Blork the orc
  4689 | D:5      | Killed Blork the orc
  4700 | Temple   | Entered the Ecumenical Temple
  4711 | Temple   | Gained mutation: One of your tentacles bears a spike. [potion of mutation]
  4711 | Temple   | Gained mutation: Your natural rate of healing is unusually fast. [potion of mutation]
  4711 | Temple   | Gained mutation: You are agile. (Dex +2) [potion of mutation]
  4775 | Temple   | Became a worshipper of Cheibriados the Contemplative
  4775 | Temple   | Reached * piety under Cheibriados
  4775 | Temple   | Reached ** piety under Cheibriados
  4895 | D:5      | Reached skill level 10 in Stealth
  5125 | D:6      | Found Fuiket's Antique Armour Shoppe.
  5219 | D:6      | Reached XP level 9. HP: 42/60 MP: 9/9
  5237 | D:6      | Reached skill level 5 in Fighting
  5370 | D:6      | Found Bigiyx's Distillery.
  5397 | D:6      | Bought a potion of haste for 120 gold pieces
  5427 | D:6      | Found Dieguv's Weapon Emporium.
  5432 | D:6      | Found Hatwonya's Distillery.
  5446 | D:6      | Bought a potion of degeneration for 10 gold pieces
  5446 | D:6      | Bought a potion of heal wounds for 50 gold pieces
  5473 | D:6      | Found Xuir's Food Shop.
  5562 | D:6      | Found a bloodstained altar of Trog.
  5562 | D:6      | Found a radiant altar of Vehumet.
  5563 | D:6      | Found an iron altar of Okawaru.
  5735 | D:7      | Reached *** piety under Cheibriados
  5744 | D:7      | Reached skill level 11 in Stealth
  5819 | D:7      | Noticed Kloppie's ghost (novice DrIE)
  5884 | D:7      | Slain by an ice beast

Action                   |  1- 3 |  4- 6 |  7- 9 || total
-------------------------+-------+-------+-------++-------
Melee: Unarmed           |    86 |    62 |   247 ||   395
  Use: Potion            |       |       |    20 ||    20
       Scroll            |       |       |    13 ||    13
 Stab: Sleeping          |    14 |    10 |    22 ||    46
       Distracted        |       |       |     2 ||     2
  Eat: Bread ration      |     1 |     1 |     2 ||     4
